 Dungeon Sprint DCSS version 0.23.0-28-g6fe0f4d (webtiles) character file.

Game seed: 15716220146708033861

1291 Fang the Fighter (level 8, -1/59 HPs)
             Began as a Gargoyle Berserker on Feb 25, 2019.
             Was the Champion of Trog.
             Slain by a wolf (3 damage)
             ... in the Dungeon (Sprint V: "Ziggurat Sprint").
             The game lasted 00:01:37 (610 turns).

Fang the Fighter (Gargoyle Berserker)                Turns: 610, Time: 00:01:37

Health: -1/59      AC: 28    Str: 19    XL:     8   Next: 55%
Magic:  8/8        EV:  7    Int: 15    God:    Trog [******]
Gold:   0          SH:  0    Dex:  9    Spells: 7/7 levels left

rFire    . . .     SeeInvis +   C - +0 war axe (chop)
rCold    + + .     Gourm    .   (no shield)
rNeg     + . .     Faith    .   j - +5 gold dragon scales
rPois    ∞         Spirit   .   (no helmet)
rElec    +         Reflect  .   (no cloak)
rCorr    .         Harm     .   (no gloves)
MR       +....     NoTele   +   (no boots)
Stlth    ..........             (no amulet)
HPRegen  0.19/turn              z - ring of Eternal Harmony {rPois rF- rC+ MR+ Int+7}
MPRegen  0.11/turn              a - ring of Ethics {rElec EV+2 Str-4 SInv}

@: no status effects
A: negative energy resistance 1, electricity resistance, unbreathing,
petrification resistance, rot immunity, AC +5
a: Berserk, Trog's Hand, Brothers in Arms, Renounce Religion


You were in the Dungeon.
You worshipped Trog.
Trog was exalted by your worship.
You were not hungry.

You visited 1 branch

Inventory:

Hand Weapons
 k - a +5 executioner's axe
 C - a +0 war axe of chopping (weapon)
Armour
 j - +5 gold dragon scales (worn)
Jewellery
 a - the ring of Ethics (right hand) {rElec EV+2 Str-4 SInv}
   (You found it in the Dungeon)

   [ring of evasion]

   It affects your evasion (+2).
   It affects your strength (-4).
   It insulates you from electricity.
   It lets you see invisible.
 z - the ring of Eternal Harmony (left hand) {rPois rF- rC+ MR+ Int+7}
   (You found it in the Dungeon)

   [ring of protection from cold]

   It affects your intelligence (+7).
   It makes you vulnerable to fire.
   It protects you from cold.
   It protects you from poison.
   It affects your resistance to hostile enchantments.
 D - a +6 ring of strength
 E - a +6 ring of strength
 F - the ring of Xom's Absentmindedness {rElec rPois MR- Int+4 Dex+3}
   (You found it in the Dungeon)

   [ring of dexterity]

   It affects your intelligence (+4).
   It affects your dexterity (+3).
   It insulates you from electricity.
   It protects you from poison.
   It affects your resistance to hostile enchantments.
Wands
 w - a wand of disintegration (7)
 x - a wand of iceblast (7)
 y - a wand of acid (7)
Scrolls
 i - 4 scrolls of blinking
 l - 7 scrolls of fog
 m - a scroll of holy word
 n - 5 scrolls of identify
 o - 5 scrolls of remove curse
 p - 2 scrolls of fear
 A - 4 scrolls of enchant weapon
Potions
 d - 10 potions of curing
 e - 10 potions of heal wounds
 f - 10 potions of haste
 g - 7 potions of magic
 h - 3 potions of berserk rage
 q - 2 potions of brilliance
 r - 2 potions of invisibility
 s - 4 potions of resistance
 t - a potion of experience
 u - 5 potions of agility
 v - 5 potions of might
Miscellaneous
 B - 2 sacks of spiders
Comestibles
 b - 6 chunks of flesh
 c - 7 rations


   Skills:
 + Level 10.6 Fighting
 + Level 9.0 Axes
 + Level 10.3 Armour
 + Level 8.0 Dodging


You had 7 spell levels left.
You didn't know any spells.
Your spell library was empty.

Dungeon Overview and Level Annotations

Branches:
Dungeon (1/1)

Altars:
Ashenzari
Cheibriados
Dithmenos
Elyvilon
Fedhas
Gozag
Hepliaklqana
Kikubaaqudgha
Makhleb
Nemelex Xobeh
Okawaru
Qazlal
Ru
Sif Muna
Trog
Uskayaw
Vehumet
Wu Jian
Xom
Yredelemnul
Zin
The Shining One
Beogh
Jiyva
Lugonu


Innate Abilities, Weirdness & Mutations

You are resistant to torment.
Your stone body is resilient. (AC +5)
You are immune to poison.
You resist negative energy. (rN+)
You are resistant to electric shocks. (rElec)
You can survive without breathing.
You are immune to petrification.
You are immune to rotting.


Message History

You closely miss the wolf.
The wolf is almost dead.
You closely miss the wolf. You hit the wolf but do no damage.
The wolf bites you but does no damage. x2; The wolf barely misses you. x2
You closely miss the wolf.
The wolf is almost dead.
Your gold dragon scales prevents you from hitting the wolf.
You miss the spriggan druid. You closely miss the spriggan rider.
The wolf barely misses you. The wolf bites you.
The spriggan rider unwields a +0 blowgun.
The spriggan rider wields a +0 spear.
The spriggan rider hits you with a +0 spear!
The spriggan druid points at you and mumbles some strange words.
The stone arrow hits you!!
Ouch! That really hurt!
* * * LOW HITPOINT WARNING * * *
The wolf bites you.
* * * LOW HITPOINT WARNING * * *
The wolf bites you.
You die...

▓..8©8..▓
▓..==|=...▓..|.:..▓
▓..."=[...▓..|:)..▓
▓.........▓.......▓
▓.........▓.......▓
▓....h....▓..)÷÷..▓
▓....h....▓...(÷..▓
▓.▓.hiih▓.▓.▓...▓.▓
▓...h@....▓...©...▓
▓▓▓▓▓▓▓▓▓▓▓▓▓▓▓▓▓▓▓
▓..8©8..▓ ▓..):[..▓
▓..)|...▓ ▓.......▓
▓.......▓ ▓..†)...▓
▓....)..▓


You could see a spriggan rider, a spriggan druid, 2 black bears and 3 wolves.

Vanquished Creatures
  A naga mage (D)
  A guardian mummy (D)
  2 water moccasins (D)
  2 necrophages (D)
  A phantom (D)
  2 wights (D)
  A quasit (D)
  3 orc priests (D)
  An iron imp (D)
  A mummy (D)
  2 adders (D)
  A shadow imp (D)
  A white imp (D)
  3 orcs (D)
  A bat zombie (D)
  4 ball pythons (D)
  A ball python zombie (D)
  A jackal zombie (D)
  A leopard gecko zombie (D)
30 creatures vanquished.

Notes
Turn   | Place    | Note
-------+----------+-------------------------------------------
     0 | D        | Found the +6 Majin-Bo {vamp, Archmagi MP+6 Int+6}
     0 | D        | Found the +7 great mace "Firestarter" {inner flame, rF++}
     0 | D        | Fang the Gargoyle Berserker began the quest for the Orb.
     0 | D        | Reached XP level 1. HP: 14/14 MP: 1/1
    13 | D        | Found a blossoming altar of Fedhas.
    14 | D        | Found a viscous altar of Jiyva.
    14 | D        | Found a hazy altar of Hepliaklqana.
    14 | D        | Found a transporter.
    14 | D        | Found an opulent altar of Gozag.
    14 | D        | Found an ancient bone altar of Kikubaaqudgha.
    14 | D        | Found a corrupted altar of Lugonu.
    19 | D        | Found a burning altar of Makhleb.
    20 | D        | Found a sacrificial altar of Ru.
    20 | D        | Found a stormy altar of Qazlal.
    20 | D        | Found a deep blue altar of Sif Muna.
    20 | D        | Found an iron altar of Okawaru.
    20 | D        | Found a bloodstained altar of Trog.
    20 | D        | Found a sparkling altar of Nemelex Xobeh.
    70 | D        | Entered arena 2.
    70 | D        | Noticed an orc priest
    70 | D        | Found a transporter.
    75 | D        | Killed an orc priest
    75 | D        | Reached XP level 2. HP: 20/20 MP: 2/2
    75 | D        | Reached XP level 3. HP: 24/24 MP: 3/3
   207 | D        | Entered arena 3.
   207 | D        | Noticed a water moccasin
   207 | D        | Noticed a water moccasin
   207 | D        | Found a transporter.
   211 | D        | Reached ** piety under Trog
   212 | D        | Killed a water moccasin
   212 | D        | Reached skill level 5 in Axes
   212 | D        | Reached XP level 4. HP: 32/32 MP: 4/4
   212 | D        | Reached XP level 5. HP: 37/37 MP: 5/5
   219 | D        | Killed a water moccasin
   219 | D        | Reached skill level 5 in Dodging
   219 | D        | Reached XP level 6. HP: 44/44 MP: 6/6
   260 | D        | Got the ring of Ethics {rElec EV+2 Str-4 SInv}
   265 | D        | Entered arena 4.
   265 | D        | Found a transporter.
   270 | D        | Reached *** piety under Trog
   287 | D        | Got the ring of Eternal Harmony {rPois rF- rC+ MR+ Int+7}
   339 | D        | Entered arena 5.
   339 | D        | Found a transporter.
   344 | D        | Reached **** piety under Trog
   366 | D        | Entered arena 6.
   366 | D        | Noticed a guardian mummy
   366 | D        | Found a transporter.
   367 | D        | Identified the +6 great sword "Vuxkovuv" {slice, rF++ rC+
                  | rN+ MR-}
   368 | D        | Reached ***** piety under Trog
   373 | D        | Killed a guardian mummy
   373 | D        | Reached XP level 7. HP: 41/51 MP: 7/7
   484 | D        | Entered arena 7.
   484 | D        | Noticed a naga mage
   485 | D        | Found a transporter.
   491 | D        | Received a gift from Trog
   495 | D        | Killed a naga mage
   495 | D        | Reached skill level 10 in Fighting
   495 | D        | Reached XP level 8. HP: 42/57 MP: 8/8
   578 | D        | Entered arena 8.
   579 | D        | Found a transporter.
   581 | D        | Reached ****** piety under Trog
   586 | D        | Received a gift from Trog
   586 | D        | Reached skill level 10 in Armour
   602 | D        | Got the ring of Xom's Absentmindedness {rElec rPois MR-
                  | Int+4 Dex+3}
   606 | D        | Entered arena 9.
   606 | D        | Noticed a spriggan druid
   606 | D        | Noticed a spriggan rider
   610 | D        | HP: 2/59 [wolf (3)]
   610 | D        | Slain by a wolf

Skill      XL: |  1  2  3  4  5  6  7  8 |
---------------+-------------------------+-----
Fighting       | 4 6 7 9 10 | 10.6
Axes           | 3 5 6 7 8 9 |  9.0
Armour         | 3 6 7 9 10 | 10.3
Dodging        | 2 4 5 6 7 8 |  8.0

Action                   |  1- 3 |  4- 6 |  7- 9 || total
-------------------------+-------+-------+-------++-------
Melee: Executioner's axe |     6 |    33 |    27 ||    66
       War axe           |       |       |     4 ||     4
Invok: Berserk           |     2 |     1 |       ||     3
  Eat: Chunk             |       |       |     2 ||     2
Armor: Gold dragon scale |     9 |    91 |    63 ||   163
Dodge: Dodged            |     4 |    34 |    24 ||    62
